 Dungeon Crawl Stone Soup version 0.16.2-12-gd0ad4c3 (webtiles) character file.

68264 Peloso the Fencer (level 14, -7/136 HPs)
             Began as a Minotaur Fighter on Sept 28, 2015.
             Was the Champion of Okawaru.
             Killed by divine providence
             ... invoked by Saint Roka
              (11 damage)
             ... on level 4 of the Orcish Mines.
             The game lasted 01:16:03 (18006 turns).

Peloso the Fencer (Minotaur Fighter)               Turns: 18006, Time: 01:16:04

Health: -7/136     AC: 26    Str: 26    XL:     14   Next: 86%
Magic:  3/5        EV: 14    Int:  5    God:    Okawaru [******]
Gold:   1721       SH:  0    Dex: 15    Spells: 0 memorised, 13 levels left

rFire  + . .     SeeInvis .     P - +9 great sword of Infection {elec, rElec rN+ Dex+2}
rCold  . . .     Clarity  .     n - +0 plate armour {rF+}
rNeg   + + .     SustAb   .     (no shield)
rPois  .         Gourm    .     c - +0 hat {MR+}
rElec  +         Spirit   .     K - +1 cloak {+Inv}
rCorr  .         Warding  .     z - +1 pair of gloves
rMut   .         Stasis   .     x - +0 pair of boots {Fly}
MR     ++...                    e - amulet of faith
Stlth  ..........               G - ring of positive energy
                                i - +3 ring of strength

@: heroism, flying, very resistant to hostile enchantments, extremely unstealthy
A: retaliatory headbutt, horns 2
a: Heroism, Finesse, Renounce Religion, Evoke Invisibility, Stop Flying


You were on level 4 of the Orcish Mines.
You worshipped Okawaru.
Okawaru was exalted by your worship.
You were hungry.

You visited 3 branches of the dungeon, and saw 20 of its levels.

You collected 1997 gold pieces.
You spent 276 gold pieces at shops.

Inventory:

Hand weapons
 g - a +4 scimitar of flaming
 k - a +1 vampiric double sword
 N - the +9 battleaxe of Chagrin {freeze, Int+3 Dex+5 SInv}
   (You found it on level 9 of the Dungeon)

   It has been specially enchanted to freeze those struck by it, causing extra
   injury to most foes and up to half again as much damage against particularly
   susceptible opponents.
   It can also slow down cold-blooded creatures.
   It affects your intelligence (+3).
   It affects your dexterity (+5).
   It enhances your eyesight.
 P - the +9 great sword of Infection (weapon) {elec, rElec rN+ Dex+2}
   (You bought it in a shop on level 7 of the Dungeon)

   Occasionally, upon striking a foe, it will discharge some electrical energy
   and cause terrible harm.
   It affects your dexterity (+2).
   It insulates you from electricity.
   It protects you from negative energy.
 V - a +4 triple sword of holy wrath
Armour
 c - a +0 hat of magic resistance (worn)
 f - the +1 steam dragon armour of Xeuregre {+Inv rF+ MR- Dex-4 SInv}
   (Okawaru gifted it to you on level 14 of the Dungeon)

   It affects your dexterity (-4).
   It protects you from fire.
   It affects your resistance to hostile enchantments.
   It enhances your eyesight.
   It lets you turn invisible.
 n - a +0 plate armour of fire resistance (worn)
 q - a +0 shield of reflection
 x - a +0 pair of boots of flying (worn)
 y - a +1 chain mail of cold resistance
 z - a +1 pair of gloves (worn)
 K - a +1 cloak of invisibility (worn)
 L - the +2 hat "Smuyx" {Str+3}
   (Okawaru gifted it to you on level 15 of the Dungeon)

   It affects your strength (+3).
 S - a +1 scale mail of magic resistance
Jewellery
 e - an amulet of faith (around neck)
 i - a +3 ring of strength (left hand)
 w - an uncursed ring of protection from cold
 B - an uncursed ring of fire
 G - a ring of positive energy (right hand)
 T - an uncursed ring of fire
Magical devices
 b - a wand of lightning (0)
 A - a wand of polymorph (13)
 D - a wand of confusion (12)
 J - a wand of hasting (4)
Scrolls
 a - a scroll of magic mapping
 j - 8 scrolls of remove curse
 r - 5 scrolls of teleportation
 t - 2 scrolls of enchant armour
 u - 3 scrolls of fear
 F - 3 scrolls of recharging
 I - a scroll of enchant weapon
 Q - a scroll of amnesia
 U - a scroll of holy word {unknown}
Potions
 h - 6 potions of curing
 l - a potion of invisibility
 m - 6 potions of restore abilities
 o - 2 potions of cancellation
 p - a potion of might
 s - 2 potions of heal wounds
 C - a potion of berserk rage {unknown}
 E - 3 potions of brilliance
 M - 4 potions of poison {unknown}
 Y - a potion of haste
Books
 O - a book of Spatial Translocations

   Spells                             Type                      Level
   a - Apportation                    Translocation                1
   b - Blink                          Translocation                2
   c - Shroud of Golubria             Charms/Translocation         2
   d - Portal Projectile              Translocation                3
   e - Teleport Other                 Translocation                3
   f - Passage of Golubria            Translocation                4
Comestibles
 d - 7 bread rations
 v - 8 meat rations
 H - a beef jerky
 R - a chunk of flesh
 X - 11 royal jellies


   Skills:
 + Level 15.8(20.8) Fighting
 + Level 18.7(23.7) Long Blades
 + Level 2.5(7.5) Axes
 + Level 14.5(19.5) Armour
 + Level 6.2(11.2) Dodging
 + Level 2.0(7.0) Stealth
 + Level 9.3(14.3) Shields
 + Level 0.4 Invocations


You had 13 spell levels left.
You didn't know any spells.

Dungeon Overview and Level Annotations

Branches:
Dungeon (15/15) Temple (1/1) D:6 Lair (0/8) D:11 Orc (4/4) D:9 Elf (0/3) Orc:3 Vaults (0/5) D:13 D:14 Depths (0/5) D:15

Altars:
Ashenzari
Cheibriados
Dithmenos
Elyvilon
Fedhas
Gozag
Kikubaaqudgha
Makhleb
Nemelex Xobeh
Okawaru
Qazlal
Ru
Sif Muna
Trog
Vehumet
Xom
Yredelemnul
Zin
The Shining One
Beogh

Shops:
D:5 :   D:7 =(:((   D:10 *   D:11 (   D:15 %   Orc:1 (   Orc:4 [[

Annotations:
Orc:4 Saint Roka


Innate Abilities, Weirdness & Mutations

You reflexively headbutt those who attack you in melee.
You have a pair of horns on your head.


Message History

Something smites you! The orc warrior misses you. You furiously retaliate!
You headbutt the orc warrior.
Use which ability? (? or * to list)
You don't have enough magic at the moment.
Eat one of 2 chunks of flesh? (ye/n/q/i?) This raw flesh tastes terrible.
You are feeling hungry.
The orc warrior hits you with a short sword!!
* * * LOW HITPOINT WARNING * * *
You continue eating.
The orc warrior hits you but does no damage.
Saint Roka mumbles some strange prayers to Beogh against you.
Something smites you!
* * * LOW HITPOINT WARNING * * *
You continue eating.
The orc warrior hits you with a short sword!!
* * * LOW HITPOINT WARNING * * *
Saint Roka mumbles some strange prayers to Beogh against you.
Something smites you!
You die...

.....8.8..... #.. #
#.........###....
..##......)##......#
.........))†......#
.......8o8o).....###
##....oo...#####
###########o###########
#....#...##o##)..#....# ##
##'##.#.).##@##)..#.##'## ≈##
#...#.##'###.###'##.#.).#
≈.###...#....#....^)....#...#
...######....#.##'##....#####
..#.##..#..[)#.#...#....#).#
..####..))))).)#...#)...'..#
...###..#)####)#####.####..#
....#####.#).#[).....)..####
.....####.)).#))...####.####


You could see Saint Roka, 2 orc warriors and 2 orcs.

Vanquished Creatures
  Norris (D:14)
  Donald (D:13)
  Snorg (D:15)
  A fire dragon (D:15)
  Josephine (D:15)
  3 hydras
  An ice dragon (D:15)
  Nessos (Orc:3)
  2 centaur warriors
  Erica (Orc:3)
  An ogre mage (D:15)
  2 tengu warriors
  An orc high priest (Orc:4)
  Urug (D:15)
  Nergalle (D:14)
  7 skeletal warriors
  Erolcha (Orc:3)
  9 hill giants
  Pikel (D:4)
  3 unseen horrors
  4 orc knights
  13 ugly things
  A cyclops (D:15)
  A manticore (D:15)
  A griffon (D:15)
  Maurice (D:13)
  3 gargoyles
  A komodo dragon (D:15)
  4 kobold demonologists
  A yaktaur (D:15)
  3 efreet
  5 two-headed ogres
  Sonja (D:12)
  Grinder (D:6)
  A trapdoor spider zombie (D:13)
  7 trolls
  4 ravens (D:14)
  A slime creature (D:11)
  2 basilisks
  2 shadows (D:15)
  16 humans (D:13)
  A vampire (D:15)
  13 yaks
  3 hungry ghosts
  Eustachio (D:7)
  Grum (D:12)
  6 wraiths
  3 hippogriffs
  A soldier ant (D:12)
  2 mottled dragons
  4 wolves (D:12)
  Edmund (D:5)
  4 vampire mosquitoes
  9 wargs
  3 water moccasins
  A wasp (D:13)
  2 black bears
  3 porcupines (D:9)
  3 ice beasts
  40 orc warriors
  4 sky beasts
  An eye of draining (D:10)
  2 phantoms
  22 ogres
  6 boring beetles (D:11)
  4 crocodiles
  6 centaurs
  Blork the orc (D:6)
  13 giant frogs
  2 big kobolds
  A wyvern zombie (D:13)
  5 scorpions
  18 killer bees
  9 wights
  The ghost of Musteatbrain the Slasher, a weakling DsFi (D:3)
  A boring beetle zombie (D:11)
  16 crimson imps
  2 quasits
  8 centaur zombies
  A goliath beetle (D:10)
  4 hounds
  5 centaur skeletons
  21 orc priests
  A giant frog zombie (D:9)
  A giant frog skeleton (D:10)
  7 jellies
  16 orc wizards
  8 worker ants
  9 iguanas
  A killer bee zombie (D:10)
  9 sheep (D:9)
  A hound zombie (D:8)
  Terence (D:2)
  A mummy (D:11)
  4 gnolls
  A river rat (D:9)
  9 shadow imps
  9 adders
  3 worms
  An adder zombie (D:6)
  An iguana zombie (D:10)
  6 giant geckos
  6 oozes
  203 orcs
  3 ball pythons
  A bat zombie (D:5)
  4 giant cockroaches
  24 goblins
  16 hobgoblins
  10 jackals
  5 quokkas
  12 bats
  4 giant newts
  25 kobolds
  2 quokka skeletons
  20 rats
  4 ballistomycetes (D:10)
795 creatures vanquished.

Vanquished Creatures (others)
  A deep elf mage (D:9)
  A slave (D:7)
  A scorpion (D:7)
  A killer bee (D:14)
  2 orcs (D:10)
  A giant spore (D:10)
  A goblin (D:1)
  4 fungi (D:9)
  5 plants (D:9)
17 creatures vanquished.

Grand Total: 812 creatures vanquished

Notes
Turn   | Place    | Note
--------------------------------------------------------------
     0 | D:1      | Peloso, the Minotaur Fighter, began the quest for the Orb.
     0 | D:1      | Reached XP level 1. HP: 19/19 MP: 1/1
   178 | D:1      | Reached XP level 2. HP: 24/27 MP: 1/1
   355 | D:1      | Reached skill level 4 in Shields
   696 | D:2      | Reached XP level 3. HP: 25/33 MP: 2/2
   825 | D:2      | Noticed Terence
   838 | D:2      | Killed Terence
  1326 | D:3      | Reached XP level 4. HP: 41/41 MP: 2/2
  1410 | D:3      | Noticed Musteatbrain's ghost (weakling DsFi)
  1659 | D:3      | Killed Musteatbrain's ghost
  1659 | D:3      | Reached skill level 1 in Dodging
  2104 | D:4      | Reached XP level 5. HP: 44/47 MP: 2/2
  2117 | D:4      | Reached skill level 5 in Armour
  2486 | D:4      | Reached XP level 6. HP: 20/53 MP: 3/3
  2776 | D:4      | Noticed a sky beast
  2786 | D:4      | Killed a sky beast
  2786 | D:4      | Reached skill level 5 in Shields
  2889 | D:4      | Noticed Pikel
  2889 | D:4      | Noticed a slave
  2889 | D:4      | Noticed a slave
  2890 | D:4      | Noticed a slave
  2924 | D:4      | Killed Pikel
  2924 | D:4      | Reached skill level 5 in Fighting
  2924 | D:4      | Reached skill level 6 in Armour
  2924 | D:4      | Reached XP level 7. HP: 42/61 MP: 3/3
  2933 | D:4      | Noticed a freed slave
  3373 | D:5      | Entered Level 5 of the Dungeon
  3427 | D:5      | Reached skill level 5 in Long Blades
  3427 | D:5      | Reached skill level 7 in Shields
  3648 | D:5      | Found a shadowy altar of Dithmenos.
  3702 | D:5      | Reached XP level 8. HP: 64/68 MP: 3/3
  3896 | D:5      | Found Lyggisch's Book Emporium.
  4284 | D:5      | Noticed Edmund
  4293 | D:5      | Killed Edmund
  4394 | D:6      | Found a bloodstained altar of Trog.
  4502 | D:6      | Noticed Grinder
  4523 | D:6      | Reached skill level 8 in Armour
  4548 | D:6      | Killed Grinder
  4646 | D:6      | Reached skill level 1 in Stealth
  4646 | D:6      | Reached XP level 9. HP: 75/75 MP: 4/4
  4754 | D:6      | Found a sparkling altar of Nemelex Xobeh.
  4805 | D:6      | Found a staircase to the Ecumenical Temple.
  4812 | Temple   | Entered the Ecumenical Temple
  4835 | Temple   | Became a worshipper of Warmaster Okawaru
  5082 | D:7      | Found Dogud Lac's Book Shoppe.
  5097 | D:7      | Noticed Blork the orc
  5100 | D:7      | Noticed Eustachio
  5124 | D:6      | Killed Blork the orc
  5208 | D:7      | Killed Eustachio
  5208 | D:7      | Acquired Okawaru's first power
  5306 | D:7      | Killed a freed slave
  5326 | D:7      | Found Mirhur's Antique Weapon Boutique.
  5357 | D:7      | Got a translucent mace
  5358 | D:7      | Identified the +6 mace of Defence by Offence {crush, rElec Str+2 Int+3 Stlth-} (You found it on level 7 of the Dungeon)
  5367 | D:7      | Bought an ichor-stained great sword for 276 gold pieces
  5372 | D:7      | Identified the +9 great sword of Infection {elec, rElec rN+ Dex+2} (You bought it in a shop on level 7 of the Dungeon)
  5382 | D:7      | Found Moif's Weapon Shoppe.
  5469 | D:7      | Reached skill level 9 in Armour
  5491 | D:7      | Found Plavyr's Antique Weapon Shop.
  5534 | D:7      | Found Skeotyga's Jewellery Boutique.
  5729 | D:8      | Found a sacrificial altar of Ru.
  6144 | D:9      | Noticed a hill giant
  6150 | D:9      | Killed a hill giant
  6166 | D:9      | Reached XP level 10. HP: 48/88 MP: 4/4
  6192 | D:9      | Found a shattered altar of Ashenzari.
  6358 | D:9      | Found a staircase to the Lair.
  6676 | D:9      | Found a staircase to the Orcish Mines.
  6736 | D:9      | Got a shimmering battleaxe
  6737 | D:9      | Identified the +9 battleaxe of Chagrin {freeze, Int+3 Dex+5 SInv} (You found it on level 9 of the Dungeon)
  6761 | D:9      | Reached skill level 10 in Long Blades
  6849 | D:9      | Reached skill level 10 in Armour
  7067 | D:10     | Entered Level 10 of the Dungeon
  7357 | D:10     | Noticed a hill giant
  7368 | D:10     | Killed a hill giant
  7427 | D:10     | Noticed a hill giant
  7432 | D:10     | Killed a hill giant
  7432 | D:10     | Acquired Okawaru's second power
  7432 | D:10     | Reached skill level 11 in Long Blades
  7463 | D:10     | Received a gift from Okawaru
  7694 | D:10     | Reached XP level 11. HP: 68/99 MP: 4/4
  7732 | D:10     | Found Dogamunt's General Store.
  7811 | D:10     | Noticed a hill giant
  7816 | D:10     | Killed a hill giant
  7816 | D:10     | Received a gift from Okawaru
  7816 | D:10     | Reached skill level 10 in Fighting
  7945 | D:11     | Found Praick's Antique Weapon Boutique.
  7956 | D:11     | Noticed a hill giant
  7963 | D:11     | HP: 4/99 [yak (3)]
  7968 | D:10     | Killed a hill giant
  8383 | D:11     | Reached skill level 5 in Dodging
  8427 | D:11     | Found a staircase to the Lair.
  8507 | D:11     | Reached skill level 12 in Long Blades
  8513 | D:11     | Got a steaming leather armour
  8721 | D:11     | Noticed an unseen horror
  8725 | D:11     | Killed an unseen horror
  8826 | D:11     | Noticed a hill giant
  8833 | D:11     | Killed a hill giant
  8847 | D:11     | Received a gift from Okawaru
  9011 | D:11     | Reached skill level 1 in Axes
  9066 | D:11     | Reached skill level 13 in Long Blades
  9315 | D:12     | Noticed Grum
  9325 | D:12     | Killed Grum
  9436 | D:12     | Reached XP level 12. HP: 62/111 MP: 5/5
  9460 | D:12     | Noticed Sonja
  9807 | D:12     | Killed Sonja
  9976 | D:12     | Noticed a four-headed hydra
  9990 | D:12     | Killed a four-headed hydra
 10319 | D:12     | Identified the cursed -4 leather armour of Reuh {rPois rF- rCorr Int+5} (You found it on level 11 of the Dungeon)
 10528 | D:12     | Received a gift from Okawaru
 10537 | D:12     | Noticed an unseen horror
 10547 | D:12     | Killed an unseen horror
 10547 | D:12     | Reached skill level 14 in Long Blades
 11039 | D:13     | Noticed Maurice
 11051 | D:13     | Killed Maurice
 11123 | D:13     | Received a gift from Okawaru
 11130 | D:13     | Got an ichor-stained halberd {god gift}
 11196 | D:13     | Got a shimmering amethyst amulet
 11200 | D:13     | Identified the amulet of the Morning {+Rage +Inv rF- Dex+4} (You found it on level 13 of the Dungeon)
 11610 | D:14     | Noticed a seven-headed hydra
 11624 | D:14     | Killed a two-headed hydra
 11624 | D:14     | Reached skill level 15 in Long Blades
 11870 | D:14     | Received a gift from Okawaru
 11870 | D:14     | Reached XP level 13. HP: 10/122 MP: 5/5
 12078 | D:14     | Noticed Nergalle
 12084 | D:14     | Killed Nergalle
 12748 | D:14     | Found a gate to the Vaults.
 12748 | D:14     | Noticed Donald
 12748 | D:14     | Noticed Norris
 12811 | D:13     | Killed Donald
 13314 | D:14     | Found a basalt altar of Yredelemnul.
 13648 | D:14     | Reached skill level 16 in Long Blades
 13655 | D:14     | Received a gift from Okawaru
 13683 | D:14     | Got a pearl-studded steam dragon armour {god gift}
 13694 | D:14     | Identified the +1 steam dragon armour of Xeuregre {+Inv rF+ MR- Dex-4 SInv} (Okawaru gifted it to you on level 14 of the Dungeon)
 14086 | D:14     | Killed Norris
 14269 | D:15     | Entered Level 15 of the Dungeon
 14301 | D:15     | Received a gift from Okawaru
 14304 | D:15     | Got a crude hat {god gift}
 14310 | D:15     | Identified the +2 hat "Smuyx" {Str+3} (Okawaru gifted it to you on level 15 of the Dungeon)
 14371 | D:15     | HP: 3/125 [ice dragon (8)]
 14373 | D:15     | Reached XP level 14. HP: 3/133 MP: 5/5
 14723 | D:15     | Found a staircase to the Depths.
 14796 | D:15     | Reached skill level 17 in Long Blades
 14833 | D:15     | Noticed Urug
 14845 | D:15     | Reached skill level 15 in Fighting
 14850 | D:15     | Killed Urug
 14922 | D:15     | Noticed Josephine
 14932 | D:15     | Killed Josephine
 14983 | D:15     | Found Graip's Food Shoppe.
 15129 | D:15     | Received a gift from Okawaru
 15144 | D:15     | Noticed Snorg
 15151 | D:15     | Killed Snorg
 15520 | Orc:1    | Entered Level 1 of the Orcish Mines
 15619 | Orc:1    | Found Yghotseo's Antique Weapon Shoppe.
 15709 | Orc:2    | Reached skill level 18 in Long Blades
 16211 | Orc:3    | Noticed Nessos
 16223 | Orc:3    | Killed Nessos
 16303 | Orc:3    | Found a staircase to the Elven Halls.
 16414 | Orc:3    | Found an ancient bone altar of Kikubaaqudgha.
 16569 | Orc:3    | Noticed Erica
 16571 | Orc:3    | Noticed Erolcha
 16575 | Orc:3    | Killed Erica
 16580 | Orc:3    | Killed Erolcha
 16946 | Orc:4    | Entered Level 4 of the Orcish Mines
 16948 | Orc:4    | Received a gift from Okawaru
 17054 | Orc:4    | Identified a scroll of acquirement
 17078 | Orc:4    | Found a roughly hewn altar of Beogh.
 17269 | Orc:4    | Found Psoib's Armour Emporium.
 17283 | Orc:4    | Found Quig's Armour Shoppe.
 17745 | Orc:4    | Received a gift from Okawaru
 17995 | Orc:4    | Noticed Saint Roka
 18006 | Orc:4    | HP: 4/136 [orc warrior/short sword[Saint Roka] (19)]
 18006 | Orc:4    | Killed from afar by Saint Roka

Action                   |  1- 3 |  4- 6 |  7- 9 | 10-12 | 13-15 || total
-------------------------+-------+-------+-------+-------+-------++-------
Melee: Long sword        |   100 |   165 |   263 |       |       ||   528
       Great sword       |       |       |    63 |   520 |   725 ||  1308
       Battleaxe         |       |       |       |    13 |    15 ||    28
       Whip              |       |       |       |    10 |       ||    10
       Scimitar          |       |       |       |     8 |       ||     8
Invok: Heroism           |       |       |       |       |     4 ||     4
  Use: Scroll            |       |    11 |     7 |     9 |     5 ||    32
       Potion            |       |     1 |       |     1 |       ||     2
 Stab: Paralysed         |       |       |     1 |       |       ||     1
  Eat: Chunk             |     1 |     2 |    10 |    12 |    16 ||    41
       Royal jelly       |       |     1 |       |       |       ||     1
       Pizza             |       |       |     1 |       |       ||     1
       Fruit             |       |       |     1 |     8 |     1 ||    10
       Beef jerky        |       |       |       |       |     2 ||     2
